 Dungeon Crawl Stone Soup version 0.29-a0-551-gffc1d7fb78 (webtiles) character file.

Game seed: 16712731330939272623

82 NateTC the Digger (level 4, -2/24 HPs)
             Began as a Gargoyle Earth Elementalist on June 5, 2022.
             Killed from afar by an orc wizard (4 damage)
             ... with a puff of flame
             ... on level 3 of the Dungeon.
             The game lasted 00:05:25 (2302 turns).

NateTC the Digger (Gargoyle Earth Elementalist)     Turns: 2302, Time: 00:05:25

Health: -2/24      AC:  5    Str: 11    XL:     4   Next: 43%
Magic:  7/7        EV: 11    Int: 18    God:
Gold:   90         SH:  0    Dex: 10    Spells: 4/8 levels left

rFire   . . .      SeeInvis .   (no weapon)
rCold   . . .      Faith    .   (no shield)
rNeg    + . .      Spirit   .   b - +0 robe
rPois   ∞          Reflect  .   (no helmet)
rElec   +          Harm     .   (no cloak)
rCorr   .          Rampage  .   (no gloves)
Will    .....                   (no boots)
Stlth   ++........              (no amulet)
HPRegen 0.08/turn               (no ring)
MPRegen 0.10/turn               (no ring)

@: no status effects
A: sickness immunity, AC +3, negative energy resistance 1, electricity
resistance, torment resistance 1, petrification resistance
a: no special abilities


You were on level 3 of the Dungeon.
You visited 1 branch of the dungeon, and saw 3 of its levels.

You collected 90 gold pieces.

Inventory:

Missiles
 a - 4 stones
Armour
 b - a +0 robe (worn)
Scrolls
 h - a scroll of torment {unknown}
Potions
 d - a potion of curing {unknown}
 e - a potion of heal wounds {unknown}
 f - a potion of flight
 g - a potion of attraction {unknown}


   Skills:
 - Level 1.5 Dodging
 - Level 2.1 Stealth
 + Level 2.6 Spellcasting
 * Level 1.0 Conjurations
 - Level 1.5 Transmutations
 + Level 4.9 Earth Magic


You had 4 spell levels left.
You knew the following spells:

 Your Spells              Type           Power      Damage    Failure   Level
a - Sandblast             Erth           40%        2d10      2%          1
b - Stone Arrow           Conj/Erth      26%        3d8       14%         3

Your spell library contained the following spells:

 Spells                   Type           Power      Damage    Failure   Level
 Passwall                 Tmut/Erth      11%        N/A       7%          2
 Magic Dart               Conj           24%        1d4       11%         1
 Searing Ray              Conj           12%        2d4       17%         2
 Petrify                  Tmut/Erth      14%        N/A       41%         4
 Portal Projectile        Hex/Tloc       4%         N/A       45%         3
 Tukima's Dance           Hex            2%         N/A       45%         3
 Fulminant Prism          Conj/Hex       2%         3d6       80%         4
 Blade Hands              Tmut           4%         N/A       94%         5


Dungeon Overview and Level Annotations

Branches:
Dungeon (3/15)

Altars:
Gozag

Shops:
D:2 !


Innate Abilities, Weirdness & Mutations

You are immune to sickness and miasma.
Your stone body is resilient. (AC +3)
You are immune to poison.
You resist negative energy. (rN+)
You are resistant to electric shocks. (rElec)
You are resistant to unholy torment.
You are immune to petrification.


Message History

You feel less confused.
The orc wizard hits you with a +0 dagger.
The orc barely misses you.
Attack: -) Nothing wielded
Press: ? - help, Dir - move target, f/p - orc
Aim: an orc, wielding a +0 club (about 46% to evade your hands)
Okay, then.
You aren't carrying any items that you can evoke.
Casting: Stone Arrow (quite dangerous; 14% risk of failure)
Confirm with . or Enter, or press ? or * to list all spells.
Aiming: Sandblast (safe; 2% risk of failure)
Press: ? - help, Shift-Dir - straight line, f - orc priest, p - orc
Aim: an orc priest, wielding a +0 short sword and wearing a +0 ring mail (83% to hit)
The blast of sand hits the orc priest but does no damage.
a - 5 stones The orc hits you with a +0 club.
The orc wizard gestures at you while chanting.
The magic dart hits you!
* * * LOW HITPOINT WARNING * * *
The orc hits you but does no damage.
Casting: Sandblast (safe; 2% risk of failure)
Confirm with . or Enter, or press ? or * to list all spells.
Aiming: Sandblast (safe; 2% risk of failure)
Press: ? - help, Shift-Dir - straight line, f/p - orc priest
Aim: an orc priest, wielding a +0 short sword and wearing a +0 ring mail (83% to hit)
The blast of sand hits the orc priest!
The orc priest is heavily wounded.
a - 4 stones The orc barely misses you.
The orc wizard mumbles some strange words.
The orc wizard flickers and vanishes!
Deactivating autopickup; reactivate with Ctrl-A.
The orc hits you with a +0 dagger.
* * * LOW HITPOINT WARNING * * *
The orc priest barely misses you. Magic courses through your body.
You hear some strange, mumbled words.
A puff of flame appears from out of thin air!
The puff of flame hits you.
You die...

...## #.>(..<..#
#### ##.......##
..######.........
..............##
#..............# #
########.......#..
### #.........#
).# ## ##.oo..##.#
#.#### .. ##@o.##
#....#.# ##{..#
###....# .......
#..#...# .)#...#
##.## #.# ..#.###
...# .# ?!. # .###
# ##.# .# .. ##


You could see an orc priest and 2 orcs.

Vanquished Creatures
  2 adders
  3 orcs (D:3)
  4 ball pythons
  4 bats
  4 endoplasms
  3 giant cockroaches
  13 goblins
  5 hobgoblins
  5 jackals
  6 kobolds
  A quokka (D:1)
  A frilled lizard (D:2)
  2 rats (D:1)
53 creatures vanquished.

Notes
Turn   | Place    | Note
-------+----------+-------------------------------------------
     0 | D:1      | NateTC the Gargoyle Earth Elementalist began the quest for
                  | the Orb.
     0 | D:1      | Reached XP level 1. HP: 10/10 MP: 3/3
    82 | D:1      | Reached skill level 1 in Transmutations
   101 | D:1      | Reached skill level 4 in Earth Magic
   101 | D:1      | Reached XP level 2. HP: 7/15 MP: 0/5
   284 | D:1      | Found a faded altar of an unknown god.
   703 | D:1      | Reached XP level 3. HP: 19/19 MP: 4/6
  1046 | D:2      | Learned a level 3 spell: Stone Arrow
  1318 | D:2      | Reached XP level 4. HP: 24/24 MP: 5/7
  1858 | D:2      | Found an opulent altar of Gozag.
  1866 | D:2      | Found Simonkoa's Distillery.
  2291 | D:3      | Reached skill level 1 in Conjurations
  2302 | D:3      | Killed from afar by an orc wizard

Illustrated notes

Levels and vault maps discovered:
D:1:      enne_arrival_octagon_isle, layout_basic,
          hellmonk_ecumenical_altar_heavens_door
D:2:      cheibrodos_greedy_goblins, layout_basic, basic_altar, serial_shops,
          shop_statue
D:3:      layout_rooms, elyvilon_altar_5, kennysheep_generic_room_5

Skill      XL: |  1  2  3  4 |
---------------+-------------+-----
Transmutations | 1 |  1.5
Earth Magic    | 4 |  4.9
Conjurations   | 1 |  1.0
Dodging        | |  1.5
Stealth        | |  2.1
Spellcasting   | |  2.6

Action                   |  1- 3 |  4- 6 || total
-------------------------+-------+-------++-------
Melee: Unarmed           |    13 |    39 ||    52
       Punch             |     1 |       ||     1
 Cast: Sandblast         |    51 |     4 ||    55
       Stone Arrow       |       |    13 ||    13
  Use: Scroll            |     3 |       ||     3
       Potion            |       |     1 ||     1
Armor: Robe              |     8 |    23 ||    31
Dodge: Dodged            |     9 |    30 ||    39

Table legend: (Time is in decaauts)
 A = Elapsed time spent in this place.
 B = Non-inter-level travel time spent in this place.
 C = Inter-level travel time spent in this place.
 D = Time resting spent in this place.
 E = Time spent auto-exploring this place.
 F = Levels seen in this place.
 G = Mean time per level.
                   A        B        C        D        E       F      G
               +--------+--------+--------+--------+--------+-----+--------+
         Total |   2301 |   2227 |     74 |    787 |    957 |   3 |  767.0 |
       Dungeon |   2301 |   2227 |     74 |    787 |    957 |   3 |  767.0 |
               +--------+--------+--------+--------+--------+-----+--------+

Top non-repeatable levels by time:
     D:2: 1030 daAuts
     D:1: 891 daAuts
     D:3: 379 daAuts
